 Dungeon Crawl Stone Soup version 0.31-a0-1405-g2bb1a01664 (webtiles) character file.

Game seed: 14270900075135921720

672 bmb222 the Covered (level 7, 0/56 HPs)
             Began as a Formicid Monk on Dec 25, 2023.
             Was a Believer of Cheibriados.
             Slain by a killer bee (8 damage)
             ... on level 4 of the Dungeon.
             The game lasted 00:03:15 (3486 turns).

bmb222 the Covered (Formicid Monk)                  Turns: 3486, Time: 00:03:16

Health: 0/56       AC:  9    Str: 21    XL:     7   Next: 90%
Magic:  7/7        EV: 12    Int: 14    God:    Cheibriados [**....]
Gold:   223        SH:  0    Dex: 26    Spells: 6/6 levels left

rFire   . . .        j - +2 spear (flame)
rCold   . . .        d - orb {light}
rNeg    . . .        p - +0 scale mail
rPois   .            (helmet unavailable)
rElec   .            m - scarf {repulsion}
rCorr   .            e - +0 pair of gloves
SInv    +            u - +0 pair of boots
Will    .....        t - amulet of the acrobat
Stlth   +            o - +6 ring of dexterity
HPRegen 0.29/turn    (no ring)
MPRegen 0.10/turn

%: repel missiles, acrobat
@: lethally poisoned (0 -> -3), glowing, very slow
A: permanent stasis, dig shafts and tunnels, antennae 3, four strong arms
a: Dig, Shaft Self, Renounce Religion, Bend Time


You were on level 4 of the Dungeon.
You worshipped Cheibriados.
Cheibriados was pleased with you.
You visited 1 branch of the dungeon, and saw 5 of its levels.

You collected 223 gold pieces.

Inventory:

Hand Weapons
 a - a +0 mace
 j - a +2 spear of flaming (weapon)
 y - a +1 vampiric trident
Armour
 b - a +0 robe
 d - an orb of light (worn)
 e - a +0 pair of gloves (worn)
 m - a scarf of repulsion (worn)
 p - a +0 scale mail (worn)
 u - a +0 pair of boots (worn)
Jewellery
 o - a +6 ring of dexterity (left hand)
 t - an amulet of the acrobat (around neck)
Scrolls
 f - a scroll of blinking {unknown}
 g - a scroll of teleportation {unknown}
 h - 2 scrolls of identify {unknown}
 i - 2 scrolls of enchant armour {unknown}
 n - a scroll of poison {unknown}
 r - a scroll of vulnerability {unknown}
 s - a scroll of fear {unknown}
 v - a scroll of immolation {unknown}
 A - a scroll of revelation {unknown}
Potions
 c - a potion of ambrosia
 k - 2 potions of mutation {unknown}
 l - a potion of attraction {unknown}
 q - 2 potions of heal wounds {unknown}
 w - a potion of curing {unknown}
 x - a potion of degeneration {unknown}
 z - a potion of haste {unknown}


   Skills:
 + Level 5.1 Fighting
 - Level 3.3 Maces & Flails
 * Level 4.4 Polearms
 * Level 5.3 Armour
 - Level 2.8 Dodging


You had 6 spell levels left.
You didn't know any spells.
Your spell library contained the following spells:

 Spells                   Type           Power      Damage    Failure   Level
 Fugue of the Fallen      Necr           0%         N/A       91%         3
 Ozocubu's Armour         Ice            0%         N/A       91%         3
 Manifold Assault         Tloc           0%         N/A       100%        4
 Metabolic Englaciation   Hex/Ice        0%         N/A       100%        5
 Simulacrum               Ice/Necr       0%         N/A       100%        6


Dungeon Overview and Level Annotations

Branches:
Dungeon (5/15)
 Temple: D:4-7

Altars:
Cheibriados
Dithmenos
Gozag
Nemelex Xobeh
Trog
Xom
The Shining One

Shops:
D:1 *

Annotations:
D:3 3 runed translucent doors, Loonster's ghost, amateur TrSh


Innate Abilities, Weirdness & Mutations

You cannot be hasted, slowed, berserked, paralysed or teleported.
You can dig through walls and to a lower floor.
You have a pair of large antennae on your head. (SInv)
Your four strong arms can wield two-handed weapons with a shield.


Message History

Unknown command.
You hit the killer bee. You burn the killer bee.
The killer bee is moderately wounded.
The killer bee completely misses you. The killer bee closely misses you.
The killer bee misses you.
You miss the killer bee.
The killer bee is moderately wounded.
The killer bee stings you but does no damage.
The killer bee barely misses you. The killer bee stings you.
The killer bee stings you but does no damage.
You hit the killer bee. You burn the killer bee.
The killer bee is heavily wounded.
The killer bee stings you but does no damage.
The killer bee misses you. The killer bee barely misses you.
You hit the killer bee. You burn the killer bee.
The killer bee is severely wounded.
The killer bee closely misses you. The killer bee barely misses you.
The killer bee stings you.
You are poisoned.
The killer bee poisons you!
The killer bee stings you but does no damage.
You barely miss the killer bee.
The killer bee is severely wounded.
You feel sick. The killer bee barely misses you.
The killer bee closely misses you.
The killer bee stings you but does no damage.
You hit the killer bee. You burn the killer bee.
The killer bee is almost dead.
The killer bee closely misses you. The killer bee misses you.
The killer bee stings you!
* * * LOW HITPOINT WARNING * * *
The killer bee stings you but does no damage.
Unknown command.
You hit the killer bee. You burn the killer bee.
You kill the killer bee!
Cheibriados thoroughly appreciates the change of pace.
You feel sick. The killer bee stings you.
* * * LOW HITPOINT WARNING * * *
The killer bee stings you!
You die...

# ##.## # #...########
#..........# ##### #..♣#♣####.#
## #...# #♣.....♣##.# .# #.<.#
#.......##.# .####...####
♣.......♣#.#####
.#.........#######...............
.#..............@♣.......♣..>....
.#..............y........########
.####...#........>♣.....♣#
...##...#..)......##♣#♣##
.♣♣.#...#.........#
P♣♣..#............# ########
♣♣♣.P.............# ###.......
P.♣P...##.........# #...######
......###.........# ♣.♣.##


You could see a killer bee.

Vanquished Creatures
  Menkaure (D:4)
  Blork the orc (D:4)
  2 killer bees (D:4)
  A hound (D:4)
  A jelly (D:5)
  A bombardier beetle (D:4)
  A sleepcap (D:5)
  2 iguanas (D:4)
  Natasha (thrice) (D:2)
  7 gnolls
  4 adders
  4 worms
  5 dart slugs
  4 orcs (D:3)
  5 bats
  13 endoplasms
  2 giant cockroaches (D:1)
  9 goblins
  7 hobgoblins
  3 jackals (D:1)
  5 kobolds
  3 quokkas
  4 ball pythons
  2 frilled lizards
  5 rats
95 creatures vanquished.

Notes
Turn   | Place    | Note
-------+----------+-------------------------------------------
     0 | D:1      | bmb222 the Formicid Monk began the quest for the Orb.
     0 | D:1      | Reached XP level 1. HP: 18/18 MP: 1/1
   129 | D:1      | Reached XP level 2. HP: 24/24 MP: 2/2
   313 | D:1      | Reached skill level 1 in Armour
   406 | D:1      | Reached XP level 3. HP: 29/29 MP: 3/3
   489 | D:1      | Found Ovip Suq's Assorted Antiques.
   950 | D:2      | Noticed Natasha
   960 | D:2      | Killed Natasha
   961 | D:2      | Reached skill level 1 in Polearms
   961 | D:2      | Reached XP level 4. HP: 35/37 MP: 4/4
  1028 | D:2      | Noticed Natasha
  1035 | D:2      | Killed Natasha
  1036 | D:2      | Reached XP level 5. HP: 40/42 MP: 5/5
  1101 | D:2      | Noticed Natasha
  1106 | D:2      | Killed Natasha
  1666 | D:3      | Found a shimmering altar of Xom.
  1726 | D:3      | Found a runed translucent gate.
  1727 | D:3      | Found a runed translucent gate.
  1727 | D:3      | Identified the +4 spear of the Hidden Vale {freeze, rPois
                  | rF+ Dex-5}
  1727 | D:3      | Identified the +10 chain mail of Whack-A-Mole {Str+3}
  1727 | D:3      | Noticed Loonster's ghost (amateur TrSh)
  1734 | D:3      | Found a runed translucent gate.
  1784 | D:3      | Found a sparkling altar of Nemelex Xobeh.
  1833 | D:3      | Reached XP level 6. HP: 47/48 MP: 6/6
  2303 | D:4      | Noticed Blork the orc
  2318 | D:4      | Killed Blork the orc
  2753 | D:4      | Reached XP level 7. HP: 24/55 MP: 7/7
  2966 | D:4      | Found an opulent altar of Gozag.
  2970 | D:4      | Found a shadowy altar of Dithmenos.
  2970 | D:4      | Found a bloodstained altar of Trog.
  2971 | D:4      | Found a snail-covered altar of Cheibriados.
  2972 | D:4      | Found a glowing golden altar of the Shining One.
  3033 | D:4      | Became a worshipper of Cheibriados the Contemplative
  3033 | D:4      | Reached * piety under Cheibriados
  3033 | D:4      | Reached ** piety under Cheibriados
  3159 | D:4      | Noticed Menkaure
  3163 | D:4      | Killed Menkaure
  3202 | D:4      | Reached skill level 5 in Fighting
  3202 | D:4      | Reached skill level 5 in Armour
  3317 | D:5      | Entered Level 5 of the Dungeon
  3486 | D:4      | Slain by a killer bee

Illustrated notes

Levels and vault maps discovered:
D:1:      pf_arrival_petrified_forest, layout_loops_ring, serial_shops,
          nicolae_shop_overgrown_old_shop, hangedman_decor_slide_cut,
          minmay_misc_feat_tower
D:2:      layout_loops_ring, minmay_tripent, uniq_natasha
D:3:      layout_rooms, mainiacjoe_overflow_alcove_1,
          mainiacjoe_overflow_small_starburst, biasface_ghost_orc_armoury,
          hangedman_abyss_or_decor_stabs
D:4:      layout_loops_ring, minitemple, serial_forest, infiniplex_forest_pool,
          infiniplex_forest_straight_2, infiniplex_forest_straight_2,
          infiniplex_forest_clump_double, infiniplex_forest_clump_small,
          infiniplex_forest_lined_ring, uniq_blork_the_orc, uniq_menkaure
D:5:      layout_gridville, serial_shops, shop, chequers_serial_rivers_micro_d

Skill      XL: |  1  2  3  4  5  6  7 |
---------------+----------------------+-----
Armour         | 1 2 3 4 5 |  5.3
Polearms       | 1 2 3 4 |  4.4
Fighting       | 4 5 |  5.1
Maces & Flails | |  3.3
Dodging        | |  2.8

Action                     |  1- 3 |  4- 6 |  7- 9 || total
---------------------------+-------+-------+-------++-------
  Melee: Mace              |    43 |       |       ||    43
         Spear             |    29 |   149 |    56 ||   234
 Armour: Robe              |    29 |     7 |       ||    36
         Scale mail        |       |    55 |    44 ||    99
  Dodge: Dodged            |    38 |    51 |    90 ||   179
         Repelled          |       |     1 |       ||     1

Table legend: (Time is in decaauts)
 A = Elapsed time spent in this place.
 B = Non-inter-level travel time spent in this place.
 C = Inter-level travel time spent in this place.
 D = Time resting spent in this place.
 E = Time spent auto-exploring this place.
 F = Levels seen in this place.
 G = Mean time per level.
                   A        B        C        D        E       F      G
               +--------+--------+--------+--------+--------+-----+--------+
         Total |   3655 |   3501 |    154 |    331 |   2491 |   5 |  731.0 |
       Dungeon |   3655 |   3501 |    154 |    331 |   2491 |   5 |  731.0 |
               +--------+--------+--------+--------+--------+-----+--------+

Top non-repeatable levels by time:
     D:4: 1339 daAuts
     D:1: 832 daAuts
     D:2: 701 daAuts
     D:3: 584 daAuts
     D:5: 199 daAuts
